Unix NetHack Version 5.0.0-0 post-release - last build May  3 2026 23:40:34 (9823c992c0763bbd039eca2974112f46eaf799b3,branch:main).

Game began 2026-05-04 22:13:42, ended 2026-05-04 23:26:16.

Gary, neutral male human Ranger

                      ------
         --------     |....|
         |......|  ###-....|       ------------
         |......| #%  |....-##     |........>.|
         |......| (   |....| ##   #..`....)k.@|
         |......| #   -.----  #### |..........|
         |.......##    #      #### |..........|
         |......|      #         ##........=..|
         -----|--      ##          -------.----
             ##       --.---  #
             #        |..<.|  #
           ###        |....| ##
           #          |....-##
           #          |....|
           #          |....|
   --------.-         |...^|
   |........|         ------
   |........-#################
   ----------

Gary the Lookout             St:15 Dx:9 Co:16 In:13 Wi:14 Ch:8  Neutral S:629
Dlvl:4  $:11 HP:0(40) Pw:24(24) AC:7  Xp:4/117 T:1751 

Latest messages:
 You see here an empty unlocked large box.
 You hear a gurgling noise.
 You see here an empty unlocked large box.
 You don't find anything here to loot.
 Pick a monster, object or location.
 Pick a monster, object or location.
 In what direction? <esc>
 Never mind.
 You are beginning to feel hungry.
 What do you want to eat? [fqs or ?*] ?
 This food really hits the spot!
 You finish eating the food ration.
 You find a hidden door.
 The door opens.
 You fall into a pit!
 You are still in a pit.
 You are still in a pit.
 You are still in a pit.
 You are still in a pit.
 You are still in a pit.
 You are still in a pit.
 You crawl to the edge of the pit.
 The door opens.
 There's some graffiti on the floor here.
 You read: "They say that  pee? boots arer t fas  encugh tc let you ?alk on w?t?r."
 In what direction? 9
 I can't see a trap there.
 You see here a yellowish brown gem.
 You hear a nearby zap.
 The bolt of cold whizzes by you!
 The bolt of cold bounces!
 The bolt of cold whizzes by you!
 Pick a monster, object or location.
 In what direction? 2
 You kill the jackal!
 The kobold lord picks up a yellowish brown gem.
 In what direction? 4
 You shoot 2 arrows.
 The 1st arrow misses the kobold lord.
 The 2nd arrow hits the kobold lord!
 The kobold lord zaps an iron wand!
 The bolt of cold hits you!
 The bolt of cold bounces!
 The bolt of cold hits you!
 You die...
 Do you want your possessions identified? [ynq] (y) y
 Do you want to see your attributes? [ynq] (y) y
 Do you want an account of creatures vanquished? [ynaq] (y) y
 Do you want to see your conduct and achievements? [ynq] (y) y
 Do you want to see the dungeon overview? [ynq] (y) y

Inventory:
 Coins    ('$')
  $ - 11 gold pieces
 Amulets  ('"')
  r - an uncursed amulet of life saving
 Weapons  (')')
  c - 52 +2 arrows (in quiver)
  d - 32 +0 arrows
  b - a +1 bow (weapon in right hand)
  m - 7 +0 shuriken
  a - a +1 dagger (alternate weapon; not wielded)
 Armor    ('[')
  D - an uncursed +0 orcish helm
  e - an uncursed +2 cloak of displacement (being worn)
  B - an uncursed +0 robe
 Comestibles  ('%')
  f - 4 uncursed cram rations
  s - an uncursed lembas wafer
 Scrolls  ('?')
  g - an uncursed scroll of identify
 Spellbooks  ('+')
  o - an uncursed spellbook of healing
  z - a cursed spellbook of magic missile
 Potions  ('!')
  p - an uncursed potion of gain ability
  A - an uncursed potion of healing
  C - an uncursed potion of paralysis
 Rings    ('=')
  n - an uncursed ring of conflict
  x - an uncursed ring of invisibility
 Tools    ('(')
  w - an uncursed magic whistle
  k - an uncursed skeleton key
 Gems/Stones  ('*')
  y - an uncursed diamond
  h - an uncursed worthless piece of green glass
  u - 2 cursed worthless pieces of green glass
  i - an uncursed worthless piece of red glass
  l - 2 cursed worthless pieces of red glass

Gary the Ranger's attributes:

Background:
 You were a Lookout, a level 4 male human Ranger.
 You were neutral, nominally on a mission for Venus
 who was opposed by Mercury (lawful) and Mars (chaotic).
 You were right-handed.
 You were in the Dungeons of Doom, on level 4.
 You entered the dungeon 1751 turns ago.
 It was nighttime.
 There was a full moon in effect when your adventure ended.
 You had 117 experience points, 43 more were needed to attain level 5.
 Your score was 629 before end-of-game adjustments.

Basics:
 You had 0 out of 40 hit points.
 You had all 24 energy points (spell power).
 Your armor class was 7.
 Your wallet contained 11 zorkmids.
 Autopickup was on for '$' plus thrown.

Final Characteristics:
 Your strength was 15 (limit:18/100).
 Your dexterity was 9 (limit:18).
 Your constitution was 16 (limit:18).
 Your intelligence was 13 (limit:18).
 Your wisdom was 14 (limit:18).
 Your charisma was 8 (limit:18).

Final Status:
 You weren't hungry.
 You were unencumbered.
 You were wielding a bow.
 You had basic skill with bow.

Final Attributes:
 You were devoutly aligned.
 You had automatic searching.
 You were displaced.
 You were warded.
 You were lucky.
 You are dead.

Miscellaneous:
 You didn't encounter any bones levels.
 Total elapsed playing time was 1 hour, 8 minutes and 56 seconds.

Major events:
 Turn
    1: Gary the neutral male human Ranger entered the dungeon
 1042: attained the rank of Lookout (level 3)
 1337: entered the Gnomish Mines
 1751: killed by a bolt of cold zapped by a kobold lord

You didn't know any spells.

Skills:
 Fighting Skills
   bare handed combat [Unskilled]
   riding             [Unskilled]
 Weapon Skills
   dagger             [Basic]
   knife              [Unskilled]
   axe                [Unskilled]
   pick-axe           [Unskilled]
   short sword        [Unskilled]
   morning star       [Unskilled]
   flail              [Unskilled]
   hammer             [Unskilled]
   quarterstaff       [Unskilled]
   polearms           [Unskilled]
   spear              [Unskilled]
   trident            [Unskilled]
   bow                [Basic]
   sling              [Unskilled]
   crossbow           [Unskilled]
   dart               [Unskilled]
   shuriken           [Unskilled]
   boomerang          [Unskilled]
   whip               [Unskilled]
 Spellcasting Skills
   healing spells     [Unskilled]
   divination spells  [Unskilled]
   escape spells      [Unskilled]

Voluntary challenges:
 Character rerolling was not enabled.
 You were an atheist.
 You never genocided any monsters.
 You never polymorphed an object.
 You never changed form.
 You used no wishes.
Achievements:
 You attained the rank of Lookout.
 You entered a shop.
 You entered the Gnomish Mines.

 The Dungeons of Doom: levels 1 to 4
    Level 1:
       Many fountains.
    Level 2:
       A sink.
    Level 3:
       A tool shop.
       Stairs down to The Gnomish Mines.
    Level 4: <- You were here.
       Final resting place for
          you, killed by a bolt of cold zapped by a kobold lord.
 The Gnomish Mines:
    Level 4:


Vanquished creatures:
  a shrieker
  2 giant ants
  a little dog
  a homunculus
  2 hill orcs
  2 iguanas
  a hobbit
  a giant rat
  2 gnomes
  2 geckos
  4 jackals
  a goblin
  2 sewer rats
  7 grid bugs
  5 lichens
  a kobold zombie
  4 newts
39 creatures vanquished.

No species were genocided or became extinct.

Game over:
                       ----------
                      /          \
                     /    REST    \
                    /      IN      \
                   /     PEACE      \
                  /                  \
                  |       Gary       |
                  |      11 Au       |
                  | killed by a bolt |
                  |  of cold zapped  |
                  | by a kobold lord |
                  |                  |
                  |       2026       |
                 *|     *  *  *      | *
        _________)/\\_//(\/(/\)/\//\/|_)_______

Goodbye Gary the Ranger...

You died in The Dungeons of Doom on dungeon level 4 with 628 points,
and 11 pieces of gold, after 1751 moves.
You were level 4 with a maximum of 40 hit points when you died.

